 Dungeon Crawl Stone Soup version 0.22.0-5-gf09313c8f9 (webtiles) character file.

124 Htamos the Conjurer (level 4, -4/39 HPs)
             Began as a Troll Wizard on Aug 13, 2018.
             Slain by a scorpion (7 damage)
             ... on level 4 of the Dungeon.
             The game lasted 00:03:47 (3365 turns).

Htamos the Conjurer (Troll Wizard)                  Turns: 3365, Time: 00:03:47

Health: -4/39      AC:  5    Str: 15    XL:     4   Next: 81%
Magic:  1/6        EV:  9    Int: 15    God:
Gold:   153        SH:  0    Dex:  8    Spells: 7/8 levels left

rFire    . . .     SeeInvis .   (no weapon)
rCold    . . .     Gourm    +   (no shield)
rNeg     . . .     Faith    .   a - +0 robe
rPois    .         Spirit   .   b - +0 hat
rElec    .         Reflect  .   (no cloak)
rCorr    .         Harm     .   (gloves unavailable)
MR       .....                  (boots unavailable)
Stlth    +.........             (no amulet)
HPRegen  0.53/turn              (no ring)
MPRegen  0.10/turn              (no ring)

@: lethally poisoned (-4 -> -13)
A: large, unfitting armour, claws 3, fast metabolism 3, gourmand, regeneration
1, shaggy fur 1, tough skin 2
a: no special abilities


You were on level 4 of the Dungeon.
You were completely stuffed.

You visited 1 branch of the dungeon, and saw 4 of its levels.

You collected 153 gold pieces.

Inventory:

Hand Weapons
 k - a +2 short sword of speed
Armour
 a - a +0 robe (worn)
 b - a +0 hat (worn)
Jewellery
 m - an uncursed ring of poison resistance {unknown}
 v - an uncursed amulet of the gourmand {unknown}
Scrolls
 e - a scroll of enchant weapon {unknown}
 f - 5 scrolls of remove curse {unknown}
 g - 5 scrolls of identify {unknown}
 h - 3 scrolls of magic mapping {unknown}
 p - a scroll of enchant armour {unknown}
 q - a scroll of fear {unknown}
 r - a scroll of random uselessness {unknown}
 s - 2 scrolls of blinking {unknown}
 x - a scroll of teleportation {unknown}
Potions
 c - a potion of haste {unknown}
 i - a potion of heal wounds {unknown}
 j - 2 potions of degeneration {unknown}
 l - 2 potions of berserk rage {unknown}
 n - 2 potions of resistance {unknown}
 o - a potion of magic {unknown}
 t - 2 potions of curing {unknown}
 u - a potion of might {unknown}
Comestibles
 d - 8 rations
 w - a chunk of flesh


   Skills:
 - Level 1.5 Dodging
 - Level 1.0 Stealth
 + Level 2.5 Spellcasting
 * Level 2.9 Conjurations
   Level 0.6 Summonings
   Level 0.6 Translocations


You had 7 spell levels left.
You knew the following spells:

 Your Spells              Type           Power        Failure   Level  Hunger
a - Magic Dart            Conj           ##..         6%          1    #......

Your spell library contained the following spells:

 Spells                   Type           Power        Failure   Level  Hunger
 Conjure Flame            Conj/Fire      #.......     34%         3    ###....
 Slow                     Hex            #.......     32%         2    ###....
 Mephitic Cloud           Conj/Pois/Air  #.......     38%         3    ###....
 Blink                    Tloc           N/A          26%         2    ###....
 Call Imp                 Summ           #.......     26%         2    ###....


Dungeon Overview and Level Annotations

Branches:
Dungeon (4/15)
 Temple: D:4-7

Altars:
Elyvilon
Wu Jian
Xom

Annotations:
D:2 2 transporters


Innate Abilities, Weirdness & Mutations

You are too large for most types of armour.
You have claws for hands.
Your metabolism is lightning-fast.
You like to eat raw meat.
Your natural rate of healing is unusually fast.
You are covered in fur. (AC +1)
You have very tough skin. (AC +2)


Message History

Casting: Magic Dart (safe; 6% risk of failure)
Confirm with . or Enter, or press ? or * to list all spells.
You don't have enough magic to cast that spell.
Casting: Magic Dart (safe; 6% risk of failure)
Confirm with . or Enter, or press ? or * to list all spells.
You don't have enough magic to cast that spell.
You aren't carrying any items that you can evoke.
Unknown command.
You aren't carrying any items that you can evoke.
You closely miss the scorpion.
The scorpion is heavily wounded.
You feel sick. The scorpion stings you!
* * * LOW HITPOINT WARNING * * *
You are lethally poisoned!
The scorpion poisons you!
You scratch the scorpion.
The scorpion is almost dead.
* * * LOW HITPOINT WARNING * * *
You feel sick. The scorpion stings you!
You die...

# # #.# #.#.
#######.#####
..##...........#
....###.#.###.#
#..##.#..#
#..#.###.#
#.>.....#.#
######.###.###.#
#.@.........# ##
#s####.#.....#
#. #.#>....# #.
#.....<... #.
#.#..>..## #.
.......## #.
#....... ..
#########


You could see a scorpion.

Vanquished Creatures
  An orc priest (D:3)
  2 adders
  A worm (D:2)
  3 dart slugs
  A leopard gecko (D:3)
  2 orcs (D:3)
  A ball python (D:2)
  5 bats
  3 giant cockroaches
  12 goblins
  3 hobgoblins
  6 jackals
  10 kobolds
  A quokka (D:3)
  7 frilled lizards
  7 rats
65 creatures vanquished.

Notes
Turn   | Place    | Note
-------+----------+-------------------------------------------
     0 | D:1      | Htamos the Troll Wizard began the quest for the Orb.
     0 | D:1      | Reached XP level 1. HP: 16/16 MP: 2/2
    75 | D:1      | Reached skill level 1 in Conjurations
   151 | D:1      | Reached XP level 2. HP: 23/24 MP: 4/4
  1217 | D:2      | Reached XP level 3. HP: 31/31 MP: 0/5
  1525 | D:2      | Found an ornate altar of the Wu Jian Council.
  1526 | D:2      | Found a transporter.
  1532 | D:2      | Found a transporter.
  1876 | D:2      | Found a white marble altar of Elyvilon.
  2600 | D:3      | Reached XP level 4. HP: 35/39 MP: 3/6
  2929 | D:3      | Found a shimmering altar of Xom.
  2992 | D:3      | Found a shimmering altar of Xom.
  2994 | D:3      | Found a shimmering altar of Xom.
  2995 | D:3      | Found a shimmering altar of Xom.
  3127 | D:3      | Found a shimmering altar of Xom.
  3365 | D:4      | Slain by a scorpion

Skill      XL: |  1  2  3 |
---------------+----------+-----
Conjurations   | 1 2 |  2.9
Dodging        | |  1.5
Stealth        | |  1.0
Spellcasting   | |  2.5
Summonings     | |  0.6
Translocations | |  0.6

Action                   |  1- 3 |  4- 6 || total
-------------------------+-------+-------++-------
Melee: Unarmed           |    73 |    16 ||    89
 Cast: Magic Dart        |    92 |    36 ||   128
  Eat: Chunk             |    28 |    10 ||    38
Armor: Robe              |    41 |     5 ||    46
Dodge: Dodged            |    44 |     5 ||    49
